cohdb
Replays
Latest Replays
All Replays
Popular Replays
Top Player Replays
Match Explorer
How It Works
Community
CoH3 Stats
Reddit
Sign in to upload your games and track your stats! →
Sign in with Steam
Match 44752471
Unlisted
Match 44752471
Overview
Messages
Build Orders
End
Construct Infanterie Kompanie
Kettenkrad Recon Vehicle
Grenadier Squad
MG 42 Machine Gun Team
Grenadier Squad
Construct Luftwaffe Kompanie
221 Scout Car
Jäger Squad
Jäger Squad
Jäger Squad
Support Elements
Infanterie Officer Quarters
Wirbelwind Flakpanzer
Medical Bunker
Selects Mechanized Battlegroup
Selects Mobile Repair Stations
Selects Wespe Self-propelled Artillery
Selects Zeroing Artillery Barrage
Wespe Self-propelled Artillery
Selects Raid Package
Selects StuG Assault Group
Marder III M Tank Destroyer
Marder III M Tank Destroyer
Zeroing Artillery Barrage
XD
Vladimir Ilyich Ulyanov
Franklin Delano Roosevelt
原神皇帝
R19
nhk6107
袅炸天
JT
0
0
Comments
sign in to comment!
No comments posted yet!